Map: Ulrena

Players

AcerBly (Bly)

  • Race: Zerg Zerg
  • League: Grandmaster

FireCake - Winner!

  • Race: Zerg Zerg
  • League: Grandmaster

Event: Gauntlet LotV Series 1 Qualifier 2

VOD

Have the link to the VOD?

Description

Time

  • Played on: Dec. 5, 2015, 6:11 p.m.
  • Length: 12:29

All games in this series

Show
View Real Time Build Order
Export as new Build Order

AcerBly Zerg 

Build Orders: Pool First, Zergling Baneling 

Get SALT Encoding   

  12  0:01  Drone  
  13  0:11  Drone  
  14  0:14  Extractor  
  13  0:28  Spawning Pool  
  13  0:34  Drone  
  13  0:40  Drone  
  14  0:50  Extractor  
  14  0:51  Drone  
  15  0:57  Overlord  
  15  1:16  Queen, Zergling x4  
  19  1:21  Zergling x2  
  20  1:28  Metabolic Boost  
  20  1:41  Baneling Nest  
  20  1:45  Zergling x2  
  20  1:49  Zergling x2  
  21  1:56  Overlord  
  21  2:02  Zergling x2  
  22  2:20  Zergling x2  
  23  2:25  Zergling x6  
  23  2:27  Baneling x2  
  23  2:28  Baneling  
  26  2:31  Baneling  
  26  2:32  Baneling  
  26  2:37  Zergling x2  
  26  2:41  Zergling x2  
  28  2:49  Baneling x2  
  28  2:51  Zergling x2  
  28  2:57  Zergling x2  
  22  3:14  Zergling x6  
  23  3:24  Zergling x2  
  21  3:40  Zergling x2  
  21  3:46  Drone  
  22  3:54  Zergling x6  
  25  3:59  Zergling x2  
  26  4:08  Baneling x3  
  26  4:09  Baneling x4  
  26  4:12  Drone  
  26  4:31  Drone x2  
  26  4:33  Hatchery  
  26  4:35  Drone  
  28  4:46  Drone  
  28  4:47  Drone  
  23  4:54  Zergling x6  
  23  4:58  Baneling  
  26  5:00  Zergling x2  
  27  5:07  Queen  
  28  5:19  Baneling x4  
  28  5:24  Zergling x4  
  29  5:29  Overlord  
  29  5:30  Extractor  
  28  5:42  Drone x2  
  29  5:48  Drone  
  29  5:49  Drone  
  31  5:55  Drone  
  31  5:56  Roach Warren  
  31  6:01  Baneling  
  31  6:06  Drone  
  32  6:27  Overlord  
  32  6:36  Roach x5  
  32  6:39  Roach  
  44  6:45  Overlord  
  44  6:48  Baneling x2  
  43  7:00  Zergling x8  
  47  7:06  Ravager  
  47  7:07  Ravager x2  
  50  7:10  Ravager  
  50  7:13  Zergling x6  
  54  7:27  Baneling x3  
  54  7:28  Zergling x6  
  57  7:35  Overlord  
  51  7:47  Zergling x10  
  49  8:03  Zergling x12  
  52  8:12  Zergling x2  
  52  8:13  Zergling x2  
  49  8:28  Zergling x8  
  49  8:29  Zergling x2  
  45  8:34  Roach  
  45  8:41  Roach x3  
  45  8:47  Roach  
  44  8:49  Roach  
  46  8:56  Roach  
  48  9:04  Roach x2  
  48  9:09  Ravager x2  
  56  9:10  Ravager x2  
  56  9:15  Zergling x2  
  56  9:16  Zergling x4  
  59  9:23  Drone x2  
  60  9:33  Drone x4  
  64  9:42  Overlord  
  64  9:55  Overlord x2  
  63  10:11  Roach x2  
  63  10:12  Overlord  
  61  10:27  Roach x3  
  65  10:33  Hatchery  
  65  10:35  Roach x2  
  64  10:48  Roach x4  
  72  11:01  Lair  
  69  11:05  Evolution Chamber  
  69  11:08  Roach x2  
  69  11:09  Roach  
  61  11:20  Roach x3  
  54  11:38  Roach x4  
  58  11:47  Ravager  
  53  12:07  Roach x5  
Show
View Real Time Build Order
Export as new Build Order

FireCake Zerg - Winner!

Build Orders: Pool First, Zergling Baneling 

Get SALT Encoding   

  12  0:00  Drone  
  13  0:08  Drone  
  14  0:17  Overlord  
  14  0:23  Drone, Extractor  
  15  0:35  Drone x2  
  17  0:46  Spawning Pool  
  17  0:48  Drone  
  17  0:57  Drone  
  18  1:05  Extractor  
  17  1:14  Hatchery  
  17  1:17  Drone  
  17  1:20  Drone  
  18  1:32  Queen  
  18  1:38  Spine Crawler  
  19  1:42  Zergling x2  
  19  1:45  Zergling x2  
  21  1:51  Zergling x2  
  22  2:00  Overlord  
  22  2:14  Metabolic Boost  
  22  2:18  Queen  
  24  2:26  Zergling x4  
  27  2:31  Baneling Nest  
  27  2:35  Overlord  
  26  2:44  Zergling x2  
  26  2:45  Zergling x6  
  30  2:56  Queen  
  32  3:00  Zergling x2  
  25  3:14  Zergling x4  
  21  3:23  Zergling x4  
  21  3:24  Zergling x2  
  22  3:37  Drone  
  22  3:41  Baneling  
  22  3:47  Drone x3  
  25  4:10  Hatchery  
  25  4:15  Drone  
  25  4:16  Drone  
  26  4:19  Drone  
  27  4:27  Zergling x2  
  27  4:28  Zergling x2  
  29  4:37  Baneling x5  
  29  4:39  Zergling x2  
  25  4:54  Baneling x3  
  25  4:55  Zergling x6  
  28  5:14  Drone  
  28  5:18  Drone  
  28  5:20  Queen  
  29  5:22  Drone  
  29  5:27  Drone x2  
  29  5:28  Drone  
  33  5:42  Drone  
  31  5:43  Drone x2  
  33  5:52  Baneling x2  
  33  5:54  Overlord  
  33  6:00  Zergling x6  
  33  6:02  Drone x2  
  38  6:17  Hatchery  
  37  6:26  Drone x3  
  37  6:27  Overlord  
  37  6:28  Baneling x2  
  40  6:33  Extractor  
  40  6:35  Roach Warren, Drone x2  
  40  6:36  Drone  
  40  6:38  Drone  
  42  6:41  Drone  
  42  6:45  Drone x2  
  45  6:57  Drone  
  45  6:58  Overlord x2  
  45  7:04  Spine Crawler  
  45  7:15  Roach x6  
  57  7:21  Overlord  
  57  7:23  Queen x2  
  57  7:27  Baneling x2  
  61  7:32  Roach x2  
  53  7:44  Roach x6  
  62  7:56  Roach  
  51  8:07  Drone x5  
  56  8:18  Roach  
  56  8:19  Roach  
  54  8:34  Roach x6  
  59  8:41  Roach x2  
  58  8:56  Hatchery  
  57  9:08  Drone x2  
  57  9:09  Drone  
  60  9:11  Ravager, Extractor  
  60  9:13  Ravager  
  61  9:24  Overlord x2  
  61  9:32  Roach  
  61  9:33  Roach  
  65  9:42  Overlord x2  
  65  9:52  Ravager x2  
  67  9:56  Roach  
  67  9:57  Roach  
  71  10:03  Roach x2  
  75  10:16  Roach x2  
  79  10:23  Drone  
  79  10:24  Drone x3  
  83  10:33  Ravager  
  83  10:34  Ravager x2  
  86  10:37  Drone x3  
  89  10:44  Evolution Chamber  
  89  10:46  Overlord  
  88  10:57  Drone x2  
  88  10:59  Overlord  
  86  11:18  Roach x6  
  87  11:40  Roach x7  
  87  11:46  Ravager x2  
  87  11:47  Ravager x2  
  103  11:49  Roach  
  103  11:58  Roach  
Tags
 
Add a new tag
Caveats
  • Supply blocks, unpowered buildings, or Contaminate may cause inaccurate times.
  • Supply counts are checked every 10 seconds.